AoeStats
← 2 ^2[TxR] ^5 B3AR

Highland

506692220Analyzed
2v2 RM · 19d ago on Sep 14, 2026· 48m 3s· 4 players
Game mode
Random Map
Map size
Medium (4 player)
Population
200
Speed
Normal
Resources
Standard
Victory
Conquest
Starting age
Dark Age
Ending age
Imperial Age
RankedLock teamsTeams togetherTeam positionsShared explorationLock speedFull tech treeHidden civsTurbo modeCheats
Victory
Defeat
🇨🇳 Hindustanis · China
970
+14
🇬🇷 Mongols · Greece
914
+16
🇩🇪 Bohemians · Germany
929
-15
918
-15
Denys
9:43 Feudal Age
9:32 Loom
16:47 Castle Age
18:12 Stone Mining
19:04 Horse Collar
20:10 Double-Bit Axe
24:56 Town Watch
26:08 Wheelbarrow
27:15 Hand Cart
28:49 Bloodlines
28:40 Husbandry
31:08 Gold Mining
31:30 Bow Saw
31:26 Heavy Plow
33:02 Thumb Ring
33:07 Scale Barding Armor
32:52 Fletching
37:17 Imperial Age
36:19 Chain Barding Armor
35:54 Bodkin Arrow
37:05 Ballistics
36:56 Masonry
36:42 Murder Holes
36:58 Fortified Wall
38:19 Conscription
38:36 Parthian Tactics
38:15 Bracer
39:35 Chemistry
39:20 Light Cavalry
40:30 Elite Mangudai
42:09 Forging
42:12 Hussar
46:20 Drill
TRANG
10:54 Feudal Age
11:38 Loom
15:45 Castle Age
14:55 Double-Bit Axe
19:18 Horse Collar
20:25 Heavy Plow
21:34 Wheelbarrow
22:33 Hand Cart
24:05 Gold Mining
24:05 Stone Mining
25:02 Bow Saw
29:32 Imperial Age
28:24 Scale Barding Armor
28:29 Forging
29:35 Chain Barding Armor
29:39 Husbandry
29:51 Bloodlines
29:05 Light Cavalry
29:37 Heavy Camel Rider
31:11 Iron Casting
32:16 Chemistry
31:56 Plate Barding Armor
32:35 Thumb Ring
33:49 Shatagni
34:10 Conscription
34:30 Gold Shaft Mining
35:46 Imperial Camel Rider
36:20 Fletching
36:31 Padded Archer Armor
38:36 Blast Furnace
37:32 Bodkin Arrow
39:46 Leather Archer Armor
39:55 Ballistics
39:50 Hussar
2 ^2[TxR] ^5 B3AR
12:54 Feudal Age
12:03 Loom
18:30 Castle Age
16:50 Double-Bit Axe
17:05 Horse Collar
20:43 Chemistry
26:53 Fortified Wall
30:05 Padded Archer Armor
31:52 Bow Saw
31:59 Leather Archer Armor
33:48 Pikeman
34:41 Forging
34:34 Scale Mail Armor
34:38 Squires
39:10 Imperial Age
37:17 Wheelbarrow
37:55 Iron Casting
37:47 Heavy Plow
38:39 Elite Skirmisher
39:13 Fletching
40:56 Conscription
40:33 Bodkin Arrow
41:12 Ballistics
42:38 Bracer
43:21 Ring Archer Armor
Joachim von Ribbentropp
3:14 Loom
11:12 Feudal Age
11:38 Double-Bit Axe
13:10 Horse Collar
21:14 Castle Age
20:41 Forging
20:21 Fletching
21:49 Town Watch
23:52 Medium Warships
24:10 Padded Archer Armor
24:12 Scale Mail Armor
25:43 Wheelbarrow
26:47 Bow Saw
26:38 Heavy Plow
26:36 Gold Mining
27:01 Heavy Plow
29:08 Pikeman
29:48 Squires
29:34 Arson
29:15 Elite Skirmisher
32:54 Imperial Age
32:35 Ballistics
32:25 Fortified Wall
33:04 Halberdier
34:34 Thumb Ring
36:30 Iron Casting
36:11 Leather Archer Armor
37:55 Chain Mail Armor
41:13 Chemistry
42:27 Bodkin Arrow
Connection lost

Rejoining the realm…

Still unreachable

The connection could not be restored.

Session expired

The server has moved on; the page needs a fresh start.